 Dungeon Crawl Stone Soup version 0.29.0-4-gdea44cf6ec (webtiles) character file.

Game seed: 4005727311098230903

36 qw the Caller (level 3, -7/29 HPs)
             Began as a Ghoul Summoner on Sept 10, 2022.
             Mangled by a worm (8 damage)
             ... on level 2 of the Dungeon.
             The game lasted 00:00:48 (1826 turns).

qw the Caller (Ghoul Summoner)                      Turns: 1826, Time: 00:00:49

Health: -7/29      AC:  3    Str: 13    XL:     3   Next: 37%
Magic:  0/4        EV: 11    Int: 10    God:
Gold:   94         SH:  0    Dex:  9    Spells: 4/5 levels left

rFire   . . .      SeeInvis .   Y - +0 short sword
rCold   + . .      Faith    .   (no shield)
rNeg    + + +      Spirit   .   g - +0 leather armour
rPois   inf        Reflect  .   (no helmet)
rElec   .          Harm     .   (no cloak)
rCorr   .          Rampage  .   (no gloves)
Will    .....                   (no boots)
Stlth   +.........              (no amulet)
HPRegen 0.00/turn               (no ring)
MPRegen 0.09/turn               (no ring)

@: inhibited regen
A: claws 1, cold resistance 1, negative energy resistance 3, inhibited
regeneration, torment resistance 2, devour on kill
a: no special abilities


You were on level 2 of the Dungeon.
You visited 1 branch of the dungeon, and saw 2 of its levels.

You collected 94 gold pieces.


Innate Abilities, Weirdness & Mutations

You are immune to poison.
You have sharp fingernails.
Your flesh is cold resistant. (rC+)
You are immune to negative energy. (rN+++)
You do not regenerate when monsters are visible.
You are immune to unholy pain and torment.
You thrive by killing the living.


   Skills:
 + Level 1.8 Fighting
 - Level 2.0 Axes
 - Level 1.7 Dodging
 - Level 2.1 Stealth
 - Level 1.7 Spellcasting
 - Level 3.6 Summonings


You had 4 spell levels left.
You knew the following spells:

 Your Spells              Type           Power      Damage    Failure   Level
a - Summon Small Mammal   Summ           32%        N/A       10%         1

Your spell library contained the following spells:

 Spells                   Type           Power      Damage    Failure   Level
 Call Imp                 Summ           8%         N/A       14%         2
 Call Canine Familiar     Summ           8%         N/A       28%         3
 Summon Guardian Golem    Hex/Summ       4%         N/A       52%         3
 Summon Lightning Spire   Summ/Air       4%         N/A       89%         4

Inventory:

Hand Weapons
 Y - a +0 short sword (weapon)
Armour
 g - a +0 leather armour (worn)
Scrolls
 b - a scroll of blinking {unknown}
 c - a scroll of fear {unknown}
 h - a scroll of identify
Potions
 a - a potion of experience {unknown}
 d - a potion of brilliance {unknown}
 e - a potion of mutation {unknown}
 f - a potion of heal wounds {unknown}
 k - a potion of attraction {unknown}

Dungeon Overview and Level Annotations

Branches:
Dungeon (2/15)

Altars:

Shops:
D:2 (


Message History

You hit the worm but do no damage.
The worm is lightly wounded.
The worm bites you!
You hit the worm.
The worm is moderately wounded.
Your rat bites the worm.
You hit the worm but do no damage.
The worm is moderately wounded.
Your rat closely misses the worm.
The worm bites you.
1818 ||| CASTING Summon Small Mammal
Casting: Summon Small Mammal (safe; 10% risk of failure)
Confirm with . or Enter, or press ? or * to list all spells.
Your rat disappears in a puff of smoke!
Your rat barely misses the worm.
The worm barely misses you.
You barely miss the worm.
The worm is lightly wounded.
Your rat bites the worm.
You barely miss the worm.
The worm is moderately wounded.
Your rat bites the worm.
The worm bites you but does no damage.
Your rat bites the worm.
You hit the worm.
The worm is heavily wounded.
The worm closely misses you.
Your rat completely misses the worm.
You hit the worm but do no damage.
The worm is heavily wounded.
Your rat closely misses the worm.
You hit the worm.
The worm is heavily wounded.
The worm bites you!
Your rat bites the worm.
You hit the worm.
The worm is almost dead.
Your rat closely misses the worm.
The worm barely misses you.
You completely miss the worm.
The worm is severely wounded.
Your rat bites the worm.
You hit the worm but do no damage.
The worm is almost dead.
Your rat barely misses the worm.
The worm bites you!
You die...

#...
#.###...##.........#
#..#.
#...###.##.........#
....#.
#.#..##.##.........#
######.
#.##.##............#
##
#.##.#####.........#
###................#
. ########.........#
#...#.#####.......###
#..%rw@r...?.....#
#...#.####.........#
. ###............#
#..............#
#####..........#
##.....>...#
#.........#
#.........#
#.........#


You could see a worm (ally target) and 2 friendly rats.

Vanquished Creatures
  A dart slug (D:2)
  3 endoplasms
  A giant cockroach (D:1)
  2 hobgoblins
  3 jackals
  A quokka (D:1)
  A ball python (D:1)
  A bat (D:2)
  A frilled lizard (D:1)
14 creatures vanquished.

Vanquished Creatures (collateral kills)
  A bat (D:1)
  3 endoplasms
  A jackal (D:1)
  3 kobolds
  2 ball pythons (D:2)
  A frilled lizard (D:2)
  3 goblins
  2 rats (D:1)
16 creatures vanquished.

Grand Total: 30 creatures vanquished

Notes
Turn   | Place    | Note
-------+----------+-------------------------------------------
     0 | D:1      | qw the Ghoul Summoner began the quest for the Orb.
     0 | D:1      | Reached XP level 1. HP: 14/14 MP: 2/2
     0 | D:1      | 0 ||| qw: Version: 0.1-a-116-g5d60599
     0 | D:1      | 0 ||| qw: Game counter: 7643
     0 | D:1      | 0 ||| qw: Always use a shield: true
     0 | D:1      | 0 ||| qw: God list: Okawaru
     0 | D:1      | 0 ||| qw: Allow faded altars: false
     0 | D:1      | 0 ||| qw: Do Orc after D:15 true
     0 | D:1      | 0 ||| qw: Do second Lair branch before Depths: true
     0 | D:1      | 0 ||| qw: Lair rune preference: random
     0 | D:1      | 0 ||| qw: Plans: Normal
     0 | D:1      | 0 ||| PLANNING D:1-11
     7 | D:1      | 7 ||| CASTING Summon Small Mammal
     8 | D:1      | 8 ||| CASTING Summon Small Mammal
    35 | D:1      | 35 ||| CASTING Summon Small Mammal
    36 | D:1      | 36 ||| CASTING Summon Small Mammal
    65 | D:1      | 65 ||| Wielding weapon +0 short sword.
    67 | D:1      | 67 ||| CASTING Summon Small Mammal
    68 | D:1      | 68 ||| CASTING Summon Small Mammal
   115 | D:1      | 115 ||| CASTING Summon Small Mammal
   116 | D:1      | 116 ||| CASTING Summon Small Mammal
   127 | D:1      | Reached skill level 1 in Axes
   212 | D:1      | 212 ||| CASTING Summon Small Mammal
   213 | D:1      | 213 ||| CASTING Summon Small Mammal
   224 | D:1      | 224 ||| CASTING Summon Small Mammal
   227 | D:1      | Reached XP level 2. HP: 22/22 MP: 0/3
   288 | D:1      | 288 ||| CASTING Summon Small Mammal
   289 | D:1      | 289 ||| CASTING Summon Small Mammal
   290 | D:1      | 290 ||| CASTING Summon Small Mammal
   300 | D:1      | 300 ||| CASTING Summon Small Mammal
   303 | D:1      | Reached skill level 1 in Fighting
   404 | D:1      | 404 ||| CASTING Summon Small Mammal
   406 | D:1      | 406 ||| CASTING Summon Small Mammal
   407 | D:1      | 407 ||| CASTING Summon Small Mammal
   495 | D:1      | 495 ||| CASTING Summon Small Mammal
   496 | D:1      | 496 ||| CASTING Summon Small Mammal
   497 | D:1      | 497 ||| CASTING Summon Small Mammal
   572 | D:1      | 572 ||| CASTING Summon Small Mammal
   573 | D:1      | 573 ||| CASTING Summon Small Mammal
   574 | D:1      | 574 ||| CASTING Summon Small Mammal
   584 | D:1      | 584 ||| CASTING Summon Small Mammal
   656 | D:1      | 656 ||| CASTING Summon Small Mammal
   657 | D:1      | 657 ||| CASTING Summon Small Mammal
   658 | D:1      | 658 ||| CASTING Summon Small Mammal
   669 | D:1      | 669 ||| CASTING Summon Small Mammal
   740 | D:1      | 740 ||| CASTING Summon Small Mammal
   741 | D:1      | 741 ||| CASTING Summon Small Mammal
   742 | D:1      | 742 ||| CASTING Summon Small Mammal
   753 | D:1      | 753 ||| CASTING Summon Small Mammal
   833 | D:1      | 833 ||| CASTING Summon Small Mammal
   834 | D:1      | 834 ||| CASTING Summon Small Mammal
   835 | D:1      | 835 ||| CASTING Summon Small Mammal
   944 | D:1      | 944 ||| UPGRADING to +0 leather armour.
   954 | D:1      | 954 ||| DROPPING +0 robe.
   955 | D:1      | 955 ||| READING scroll labelled QIOCSE HENN.
   956 | D:1      | 956 ||| READING 2 scrolls labelled RIONNU PITEDE.
   957 | D:1      | 957 ||| READING scroll labelled WITISO NALAIC.
   958 | D:1      | 958 ||| READING scroll labelled WUIJEPH FEULITH.
   959 | D:1      | 959 ||| DRINKING 2 metallic blue potions.
   960 | D:1      | 960 ||| DROPPING potion of magic.
   961 | D:1      | 961 ||| DROPPING potion of berserk rage.
   975 | D:2      | 975 ||| CASTING Summon Small Mammal
   976 | D:2      | 976 ||| STAIRDANCE
   989 | D:2      | 989 ||| STAIRDANCE
   991 | D:1      | 991 ||| CASTING Summon Small Mammal
   992 | D:1      | 992 ||| CASTING Summon Small Mammal
   993 | D:1      | 993 ||| CASTING Summon Small Mammal
  1092 | D:2      | 1092 ||| CASTING Summon Small Mammal
  1093 | D:2      | 1093 ||| CASTING Summon Small Mammal
  1094 | D:2      | 1094 ||| CASTING Summon Small Mammal
  1099 | D:2      | 1099 ||| STAIRDANCE
  1142 | D:2      | 1142 ||| STAIRDANCE
  1144 | D:1      | 1144 ||| CASTING Summon Small Mammal
  1145 | D:1      | 1145 ||| CASTING Summon Small Mammal
  1146 | D:1      | 1146 ||| CASTING Summon Small Mammal
  1183 | D:2      | 1183 ||| CASTING Summon Small Mammal
  1184 | D:2      | 1184 ||| STAIRDANCE
  1186 | D:1      | 1186 ||| CASTING Summon Small Mammal
  1187 | D:1      | 1187 ||| CASTING Summon Small Mammal
  1195 | D:1      | 1195 ||| CASTING Summon Small Mammal
  1286 | D:2      | 1286 ||| CASTING Summon Small Mammal
  1287 | D:2      | 1287 ||| CASTING Summon Small Mammal
  1288 | D:2      | 1288 ||| CASTING Summon Small Mammal
  1291 | D:2      | Reached XP level 3. HP: 22/28 MP: 0/4
  1293 | D:2      | 1293 ||| STAIRDANCE
  1364 | D:2      | 1364 ||| CASTING Summon Small Mammal
  1365 | D:2      | 1365 ||| CASTING Summon Small Mammal
  1366 | D:2      | 1366 ||| CASTING Summon Small Mammal
  1367 | D:2      | 1367 ||| CASTING Summon Small Mammal
  1410 | D:2      | Found Ciskooka's Antique Weapon Boutique.
  1414 | D:2      | 1414 ||| CASTING Summon Small Mammal
  1415 | D:2      | 1415 ||| CASTING Summon Small Mammal
  1416 | D:2      | 1416 ||| CASTING Summon Small Mammal
  1417 | D:2      | 1417 ||| CASTING Summon Small Mammal
  1425 | D:2      | 1425 ||| CASTING Summon Small Mammal
  1471 | D:2      | 1471 ||| SHOPLISTING falchion (84 gold, have 79).
  1471 | D:2      | 1471 ||| SHOPLISTING flail (98 gold, have 79).
  1471 | D:2      | 1471 ||| SHOPLISTING glowing scimitar (196 gold, have 79).
  1471 | D:2      | 1471 ||| SHOPLISTING long sword (98 gold, have 79).
  1471 | D:2      | 1471 ||| SHOPLISTING spear (84 gold, have 79).
  1474 | D:2      | 1474 ||| CASTING Summon Small Mammal
  1475 | D:2      | 1475 ||| CASTING Summon Small Mammal
  1476 | D:2      | 1476 ||| CASTING Summon Small Mammal
  1477 | D:2      | 1477 ||| CASTING Summon Small Mammal
  1548 | D:2      | 1548 ||| CASTING Summon Small Mammal
  1549 | D:2      | 1549 ||| CASTING Summon Small Mammal
  1550 | D:2      | 1550 ||| CASTING Summon Small Mammal
  1551 | D:2      | 1551 ||| CASTING Summon Small Mammal
  1619 | D:2      | 1619 ||| CASTING Summon Small Mammal
  1620 | D:2      | 1620 ||| CASTING Summon Small Mammal
  1621 | D:2      | 1621 ||| CASTING Summon Small Mammal
  1622 | D:2      | 1622 ||| CASTING Summon Small Mammal
  1727 | D:2      | 1727 ||| CASTING Summon Small Mammal
  1728 | D:2      | 1728 ||| CASTING Summon Small Mammal
  1729 | D:2      | 1729 ||| CASTING Summon Small Mammal
  1730 | D:2      | 1730 ||| CASTING Summon Small Mammal
  1786 | D:2      | 1786 ||| CASTING Summon Small Mammal
  1787 | D:2      | 1787 ||| CASTING Summon Small Mammal
  1788 | D:2      | 1788 ||| CASTING Summon Small Mammal
  1789 | D:2      | 1789 ||| CASTING Summon Small Mammal
  1797 | D:2      | 1797 ||| CASTING Summon Small Mammal
  1803 | D:2      | 1803 ||| Stepping ~*~*~tactically~*~*~ (stealth).
  1807 | D:2      | 1807 ||| CASTING Summon Small Mammal
  1818 | D:2      | 1818 ||| CASTING Summon Small Mammal
  1823 | D:2      | HP: 1/29 [worm (8)]
  1826 | D:2      | Mangled by a worm

Levels and vault maps discovered:
D:1:      scummos_arrival_checkerplants, layout_rooms
D:2:      minmay_spotlight, layout_rooms, serial_shops, nicolae_square_shop

Skill      XL: |  1  2 |
---------------+-------+-----
Axes           | 1 2 |  2.0
Fighting       | 1 |  1.8
Dodging        | |  1.7
Stealth        | |  2.1
Spellcasting   | |  1.7
Summonings     | |  3.6

Action                   || total
-------------------------++-------
Melee: Short sword       ||    95
       Unarmed           ||     2
 Cast: Summon Small Mamm ||    75
  Use: Scroll            ||     4
       Potion            ||     1
Armor: Robe              ||     7
       Leather armour    ||    30
Dodge: Dodged            ||    76

Table legend:
 A = Non-vault XP
 B = Vault XP
 C = Vault XP percentage of total XP
 D = Non-vault monster count
 E = Vault monster count
 F = Vault count percentage of total count
                 A         B        C        D         E       F
            +---------+---------+-------+---------+---------+-------
      Total |      46 |       6 |  11.5 |      28 |       2 |   6.7
            +---------+---------+-------+---------+---------+-------
        D:1 |      30 |       0 |   0.0 |      18 |       0 |   0.0
        D:2 |      16 |       6 |  27.3 |      10 |       2 |  16.7
            +---------+---------+-------+---------+---------+-------
